 Dungeon Crawl Stone Soup version 0.22-a0-284-g99d1f74 (webtiles) character file.

3010 Gorglomux the Fighter (level 9, 0/92 HPs)
             Began as a Naga Fighter on Mar 22, 2018.
             Was a Priest of Okawaru.
             Slain by a basilisk (14 damage)
             ... on level 8 of the Dungeon.
             The game lasted 00:06:55 (6441 turns).

Gorglomux the Fighter (Naga Fighter)                Turns: 6441, Time: 00:06:55

Health: 0/92       AC: 12    Str: 21    XL:     9   Next: 84%
Magic:  9/9        EV:  2    Int:  9    God:    Okawaru [***...]
Gold:   422        SH:  9    Dex: 11    Spells: 8/8 levels left

rFire    + + .     SeeInvis +   a - +0 war axe
rCold    x x .     Gourm    .   c - +0 shield
rNeg     . . .     Faith    .   V - +0 plate armour
rPois    +         Spirit   .   h - +1 helmet
rElec    .         Reflect  .   P - +0 cloak
rCorr    .         Harm     .   (no gloves)
MR       +....                  (no barding)
Stlth    ..........             s - amulet of magic regeneration
HPRegen  0.25/turn              u - ring of fire
MPRegen  0.36/turn              O - ring of fire

@: very slow
A: large, see invisible, deformed body, poison resistance, slowness 2, slow
metabolism 1, spit poison 1, AC +3
a: Spit Poison, Heroism, Renounce Religion


You were on level 8 of the Dungeon.
You worshipped Okawaru.
Okawaru was most pleased with you.
You were not hungry.

You visited 2 branches of the dungeon, and saw 9 of its levels.
You also visited: Ossuary.

You collected 422 gold pieces.

Inventory:

Hand Weapons
 a - a +0 war axe (weapon)
Armour
 c - a +0 shield (worn)
 h - a +1 helmet (worn)
 o - a scarf of cloud immunity
 P - a +0 cloak (worn)
 V - a +0 plate armour (worn)
Jewellery
 s - an amulet of magic regeneration (around neck)
 u - a ring of fire (left hand)
 O - a ring of fire (right hand)
Wands
 A - a wand of acid (8)
 I - a wand of iceblast (13)
 S - a wand of scattershot (5)
 Y - a wand of flame (37)
Scrolls
 i - 5 scrolls of remove curse
 k - 2 scrolls of enchant armour {unknown}
 l - 2 scrolls of immolation
 n - 2 scrolls of enchant weapon {unknown}
 q - 3 scrolls of fog {unknown}
 N - a scroll of holy word {unknown}
 R - 4 scrolls of identify
 T - 10 scrolls of teleportation
 U - a scroll of blinking {unknown}
 X - a scroll of amnesia {unknown}
 Z - a scroll of noise {unknown}
Potions
 d - 3 potions of might
 m - a potion of lignification
 G - a potion of haste {unknown}
 J - a potion of cancellation {unknown}
 K - 2 potions of heal wounds {unknown}
 L - 2 potions of brilliance {unknown}
 M - 4 potions of mutation
 Q - 4 potions of curing
 W - 3 potions of ambrosia
Comestibles
 f - 11 rations
 H - 2 chunks of flesh


   Skills:
 + Level 9.4 Fighting
 + Level 9.1 Axes
 - Level 2.4 Armour
 + Level 4.5 Shields


You had 8 spell levels left.
You didn't know any spells.

Dungeon Overview and Level Annotations

Branches:
Dungeon (8/15)             Temple (1/1) D:4            Lair (0/6) D:8

Altars:
Ashenzari
Cheibriados
Dithmenos
Elyvilon
Fedhas
Gozag
Hepliaklqana
Kikubaaqudgha
Makhleb
Nemelex Xobeh
Okawaru
Qazlal
Ru
Sif Muna
Trog
Uskayaw
Vehumet
Wu Jian
Xom
Yredelemnul
Zin
The Shining One


Innate Abilities, Weirdness & Mutations

You cannot wear boots.
Your serpentine skin is tough. (AC +3)
You have supernaturally acute eyesight. (SInv)
Armour fits poorly on your strangely shaped body.
Your system is resistant to poisons. (rPois)
You cover ground very slowly.
You have a slow metabolism.
You can spit poison.


Message History

Aiming: Corrosive Bolt
Press: ? - help, Shift-Dir - straight line, f - yak
Aim: a yak (lightly wounded)
The bolt of acid hits the basilisk!
The basilisk is splashed with acid!
The acid corrodes the basilisk!!!
The basilisk is heavily wounded!
The bolt of acid hits the elephant!
The elephant is splashed with acid!
The elephant is lightly wounded!
The bolt of acid hits the yak!
The yak is splashed with acid!
The yak is moderately butt!
The basilisk gazes at you!
You easily resist!
Unknown command!
You barely miss the basilisk!
The basilisk is heavily wounded!
You block the basilisk's attack!
You miss the butt!
The basilisk is heavily wounded!
The basilisk bites you!!! rip

#.....>......#
#............ #
........... # #.P..P..#
# #....P..# # #.....# #
#.Y.# + ##l## #
...#..@################
#.......#....#.........
#.......'....#.........
#.......#....#.........
##..##..####.####....##
#.. #..####.####....##
.... .................#
... #.................#
#.................'


You could see a yak and a basilisk.

Vanquished Creatures
  3 orc warriors
  4 phantoms
  2 ogres
  3 centaurs
  A crocodile (D:8)
  A big kobold (D:7)
  5 bullfrogs
  2 scorpions
  A water moccasin skeleton (D:7)
  4 killer bees (D:7)
  A howler monkey (D:6)
  3 crimson imps
  3 orc priests
  4 centaur skeletons
  2 hounds
  An iguana (D:8)
  7 orc wizards
  4 worker ants
  2 big kobold zombies (Ossuary)
  2 hound zombies
  A hound skeleton (D:2)
  6 mummies (Ossuary)
  7 gnolls
  A howler monkey skeleton (D:4)
  7 adders
  2 shadow imps
  2 oozes
  An adder skeleton (D:7)
  An adder zombie (D:6)
  6 worms
  4 dart slugs
  3 leopard geckos
  20 orcs
  4 bats
  4 giant cockroaches
  4 goblins
  3 hobgoblins
  14 jackals
  3 quokkas
  2 ball pythons
  4 frilled lizards
  2 hobgoblin zombies (Ossuary)
  A jackal zombie (D:5)
  12 kobolds
  A leopard gecko zombie (D:7)
  A quokka skeleton (D:6)
  11 rats
  A rat zombie (D:7)
183 creatures vanquished.

Notes
Turn   | Place    | Note
-------+----------+-------------------------------------------
     0 | D:1      | Gorglomux the Naga Fighter began the quest for the Orb.
     0 | D:1      | Reached XP level 1. HP: 21/21 MP: 1/1
   109 | D:1      | Reached XP level 2. HP: 16/28 MP: 2/2
   579 | D:2      | Reached XP level 3. HP: 34/34 MP: 3/3
   846 | D:2      | Reached skill level 3 in Axes
   896 | D:2      | Reached XP level 4. HP: 41/44 MP: 4/4
  1287 | D:3      | Reached XP level 5. HP: 45/51 MP: 5/5
  1396 | D:3      | Found a radiant altar of Vehumet.
  2069 | D:4      | Reached XP level 6. HP: 56/61 MP: 6/6
  2184 | D:4      | Found a staircase to the Ecumenical Temple.
  2204 | Temple   | Entered the Ecumenical Temple
  2315 | Temple   | Became a worshipper of Warmaster Okawaru
  2689 | D:4      | Noticed a phantom
  2698 | D:4      | Reached XP level 7. HP: 61/68 MP: 7/7
  2752 | D:4      | Reached skill level 6 in Fighting
  2991 | D:5      | Entered Level 5 of the Dungeon
  3076 | D:5      | Reached * piety under Okawaru
  3076 | D:5      | Reached skill level 6 in Axes
  3538 | D:5      | Reached XP level 8. HP: 77/78 MP: 8/8
  4509 | D:6      | Reached ** piety under Okawaru
  5159 | D:7      | Reached XP level 9. HP: 65/90 MP: 9/9
  5166 | D:7      | Found a sand-covered staircase.
  5183 | D:7      | Reached skill level 3 in Shields
  5405 | Ossuary  | Entered an ossuary
  5670 | D:7      | Reached *** piety under Okawaru
  5688 | D:7      | Reached skill level 9 in Fighting
  6291 | D:7      | Found a deep blue altar of Sif Muna.
  6307 | D:7      | Reached skill level 9 in Axes
  6421 | D:8      | Found a staircase to the Lair.
  6421 | D:8      | Noticed an elephant
  6441 | D:8      | Slain by a basilisk

Vault maps used:
D:1:      eino_arrival_cavern_c, serial_glass, glass_columns_b, glass_columns_a
D:2:      first_ration
D:3:      nicolae_overflow_hidden_temple
D:4:      temple_pool_b
D:7:      kennysheep_orc_sif_temple, enter_ossuary_3
D:8:      david_lair_generic
Temple:   kilobyte_greek_temple
Ossuary:  ossuary_the_hunt_dpeg

Skill      XL: |  1  2  3  4  5  6  7  8  9 |
---------------+----------------------------+-----
Axes           | 3 4 5 6 8 9 |  9.1
Fighting       | 4 5 6 8 9 |  9.4
Shields        | 4 |  4.5
Armour         | |  2.4

Action                   |  1- 3 |  4- 6 |  7- 9 || total
-------------------------+-------+-------+-------++-------
Melee: War axe           |   111 |   157 |   492 ||   760
Invok: Heroism           |       |       |     4 ||     4
 Abil: Spit Poison       |     3 |     8 |     6 ||    17
Evoke: Wand              |       |       |     7 ||     7
  Use: Potion            |       |     2 |       ||     2
       Scroll            |       |       |     7 ||     7
 Stab: Held in net/web   |       |       |     1 ||     1
  Eat: Chunk             |       |     6 |    11 ||    17
Armor: Scale mail        |    45 |       |       ||    45
       Chain mail        |    26 |   111 |    97 ||   234
       Plate armour      |       |       |   214 ||   214
Dodge: Dodged            |    29 |    17 |    55 ||   101
Block: Shield            |    61 |    61 |   219 ||   341

Table legend:
 A = Spawn XP
 B = Non-spawn XP
 C = Spawn XP percentage of total XP
 D = Spawn monster count
 E = Non-spawn monster count
 F = Spawn count percentage of total count
 G = Total turns spent on level
                    A         B        C        D         E        F      G
               +---------+---------+-------+---------+---------+-------+---------
         Total |       0 |    4300 |   0.0 |       0 |     183 |   0.0 |  6441
               +---------+---------+-------+---------+---------+-------+---------
           D:1 |       0 |      32 |   0.0 |       0 |      17 |   0.0 |   533
           D:2 |       0 |      60 |   0.0 |       0 |      19 |   0.0 |   565
           D:3 |       0 |     217 |   0.0 |       0 |      23 |   0.0 |   962
           D:4 |       0 |     511 |   0.0 |       0 |      24 |   0.0 |   777
           D:5 |       0 |     379 |   0.0 |       0 |      21 |   0.0 |  1267
           D:6 |       0 |     955 |   0.0 |       0 |      25 |   0.0 |   824
           D:7 |       0 |    1794 |   0.0 |       0 |      41 |   0.0 |  1057
           D:8 |       0 |     190 |   0.0 |       0 |       3 |   0.0 |    89
       Ossuary |       0 |     162 |   0.0 |       0 |      10 |   0.0 |   213
               +---------+---------+-------+---------+---------+-------+---------
